 Dungeon Crawl Stone Soup version 0.18.1-50-g88ac8fd (webtiles) character file.

46 Chiseanne the Gusty (level 3, -4/26 HPs)
             Began as a Centaur Air Elementalist on Oct 4, 2016.
             Slain by a worm (10 damage)
             ... on level 1 of the Dungeon.
             The game lasted 00:02:54 (1745 turns).

Chiseanne the Gusty (Centaur Air Elementalist)      Turns: 1745, Time: 00:02:55

Health: -4/26      AC:  6    Str: 10    XL:     3   Next: 46%
Magic:  1/6        EV:  9    Int: 15    God:
Gold:   57         SH:  0    Dex:  9    Spells: 1 memorised, 5 levels left

rFire  . . .     SeeInvis .     k - +0 hand axe
rCold  . . .     Gourm    .     a - +0 robe
rNeg   . . .     Faith    .     (no shield)
rPois  .         Spirit   .     h - +1 helmet
rElec  .         Dismiss  .     (no cloak)
rCorr  .         Reflect  .     (no gloves)
SustAt .         Harm     .     (no barding)
MR     .....                    (no amulet)
Stlth  +.........               (no ring)
                                (no ring)

@: very slightly contaminated, very quick, not resistant to hostile
enchantments, very unstealthy
A: hooves 3, deformed body, speed 2, tough skin 3
a: no special abilities


You were on level 1 of the Dungeon.
You were hungry.

You visited 1 branch of the dungeon, and saw 2 of its levels.

You collected 57 gold pieces.

Inventory:

Hand Weapons
 k - a +0 hand axe (weapon)
Missiles
 g - 18 sling bullets
 j - 33 stones (quivered)
 p - 18 poisoned needles
Armour
 a - a +0 robe (worn)
 h - a +1 helmet (worn)
Scrolls
 d - a scroll of remove curse
 i - 4 scrolls of identify
 n - a scroll of teleportation
Potions
 e - a potion of agility
Books
 b - a book of Air

   Spells                             Type                      Level
   a - Shock                          Conjuration/Air              1
   b - Swiftness                      Charms/Air                   2
   c - Repel Missiles                 Charms/Air                   2
   d - Static Discharge               Conjuration/Air              3
   e - Lightning Bolt                 Conjuration/Air              5
Comestibles
 c - a bread ration
 f - a meat ration
 l - 2 chunks of flesh


   Skills:
 - Level 1.3 Dodging
 - Level 1.2 Stealth
 * Level 2.3 Spellcasting
 * Level 1.3 Conjurations
 * Level 3.3 Air Magic


You had 5 spell levels left.
You knew the following spells:

 Your Spells              Type           Power        Failure   Level  Hunger
a - Shock                 Conj/Air       #...         12%         1    #......


Dungeon Overview and Level Annotations

Branches:
Dungeon (2/15)

Altars:


Innate Abilities, Weirdness & Mutations

You have hooves in place of feet.
Armour fits poorly on your strangely shaped body.
You cover ground very quickly.
You have extremely tough skin (AC +3).


Message History

You don't have enough magic to cast that spell.
Casting: Shock
Confirm with . or Enter, or press ? or * to list all spells.
You don't have enough magic to cast that spell.
You barely miss the worm.
The worm is heavily wounded.
The worm bites you!
You hit the worm but do no damage.
The worm is heavily wounded.
The worm misses you.
You hit the worm but do no damage. You kick the worm, but do no damage.
The worm is heavily wounded.
You hit the worm but do no damage. Your kick misses the worm.
The worm is heavily wounded.
The worm bites you!
* * * LOW HITPOINT WARNING * * *
You hit the worm but do no damage.
The worm is moderately wounded.
The worm bites you!
You die...

..###############
...............[#
................#
...♣.♣..........#
....⌠...........#
................#####
....................#
.....#######........#######
..).............@w.......>#
..######..##........#####.####
..# ##.##.................#
..#######'##.................#
..#....##.##...)..[..........#
#.#.##≈##≈#########..........#
#.'..#≈≈≈## #..........##
#.#######≈# #...........#
..#≈≈≈≈≈≈## #...........#


You could see a worm.

Vanquished Creatures
  2 oozes (D:1)
  A worm (D:2)
  2 dart slugs (D:1)
  A ball python (D:1)
  5 goblins (D:1)
  2 hobgoblins (D:1)
  5 kobolds (D:1)
  4 bats (D:1)
  5 giant newts (D:1)
  7 rats (D:1)
34 creatures vanquished.

Notes
Turn   | Place    | Note
--------------------------------------------------------------
     0 | D:1      | Chiseanne the Centaur Air Elementalist began the quest for the Orb.
     0 | D:1      | Reached XP level 1. HP: 14/14 MP: 3/3
    15 | D:1      | Reached skill level 1 in Conjurations
    34 | D:1      | Reached XP level 2. HP: 10/20 MP: 0/4
   357 | D:1      | Reached skill level 3 in Air Magic
   750 | D:1      | Reached XP level 3. HP: 14/26 MP: 1/6
  1745 | D:1      | Slain by a worm

Skill      XL: |  1  2 |
---------------+-------+-----
Conjurations   | 1 |  1.3
Air Magic      | 3 |  3.3
Spellcasting   | 2 |  2.3
Dodging        | |  1.3
Stealth        | |  1.2

Action                   || total
-------------------------++-------
Melee: Dagger            ||    26
       Unarmed           ||     5
       Kick              ||    13
       Hand axe          ||    32
 Cast: Shock             ||    64
  Use: Scroll            ||     7
  Eat: Chunk             ||     3
Armor: Robe              ||    33
Dodge: Dodged            ||    29
